[Event "Sunday07 January Rapid Engine Tour 12+1 Rounds 9 Starts 1600 ST"]
[Site "Infinity Chess"]
[Date "2018.1.7"]
[Round "8"]
[White "RonWeasley"]
[Black "Murx"]
[Result "1/2-1/2"]
[ECO "A00"]
[WhiteElo "2439"]
[BlackElo "2456"]
[WhiteEngine "BrainFish 060118_CTG"]
[BlackEngine "BrainFish_171226_x64_modern"]
[EventType "Swiss"]
[WhiteTeam ""]
[BlackTeam ""]
[PlyCount "107"]
[TimeControl "720+1"]

1. a3 e5 2. e3 d5 3. d4 Nc6 4. dxe5 Nxe5 5. Nd2 Nf6 6. Ngf3 Nxf3+ 7. Nxf3 Be7 
8. c4 O-O 9. cxd5 Bf5 10. Bc4 Be4 11. O-O Nxd5 12. Qd4 Bxf3 13. gxf3 c6 
14. e4 Bf6 15. Qd1 Nb6 16. Qxd8 Rfxd8 17. Be2 Bxb2 18. Bxb2 Rd2 19. Rfb1 Rxe2 
20. Bd4 f5 21. e5 h6 22. Kg2 f4 23. a4 Rd8 24. Rb4 Rd7 25. Kf1 Rd2 26. Bxb6 axb6 
27. e6 Re7 28. Re1 Kh7 29. Re5 g5 30. Rxb6 Rd8 31. a5 Ra8 32. Rc5 Ra7 
33. h4 gxh4 34. Rb4 h3 35. Kg1 Rxe6 36. Rxf4 Kg6 37. Kh2 Rf6 38. Rxf6+ Kxf6 
39. Kxh3 Ra6 40. Rh5 Ra8 41. Rxh6+ Ke5 42. Kg4 c5 43. f4+ Ke4 44. f3+ Kd3 
45. f5 c4 46. Rh7 c3 47. Rd7+ Ke2 48. Rc7 Kd2 49. f6 c2 50. Rd7+ Ke3 
51. Re7+ Kd2 52. Rd7+ Ke2 53. Rc7 Kd2 54. Rd7+ 1/2-1/2

[Event "Sunday07 January Rapid Engine Tour 12+1 Rounds 9 Starts 1600 ST"]
[Site "Infinity Chess"]
[Date "2018.1.7"]
[Round "8"]
[White "incredible"]
[Black "fati64"]
[Result "1/2-1/2"]
[ECO "C77"]
[WhiteElo "2469"]
[BlackElo "2497"]
[WhiteEngine "stockfish_18010422_x64_bmi2"]
[BlackEngine "Raubfisch ME262_GTZ16b1."]
[EventType "Swiss"]
[WhiteTeam ""]
[BlackTeam ""]
[PlyCount "193"]
[TimeControl "720+1"]

1. e4 e5 2. Nf3 Nc6 3. Bb5 a6 4. Ba4 Nf6 5. O-O Be7 6. Nc3 b5 7. Bb3 d6 
8. d3 Na5 9. Bd2 O-O 10. Nd5 Nxb3 11. Nxe7+ Qxe7 12. axb3 Nd7 13. Ba5 c5 
14. b4 Nb8 15. h3 Nc6 16. bxc5 dxc5 17. c3 f6 18. Qe2 Nxa5 19. Rxa5 Rd8 
20. b3 Qd6 21. Rd1 Qb6 22. Rda1 Ra7 23. Ne1 Rad7 24. c4 Bb7 25. Qe3 Rd4 
26. R5a2 b4 27. Qe2 Qd6 28. Qe3 Rc8 29. Qg3 Rd8 30. Re2 Re8 31. Rea2 Ra8 
32. Qf3 Qd8 33. Ra5 Qd6 34. R5a2 Kh8 35. Qh5 Rd8 36. Qf7 Qb6 37. Qh5 Kg8 
38. Qf3 Qe6 39. Qe2 Qe7 40. Qg4 Qf7 41. Qg3 Qf8 42. Ra5 Qe7 43. R5a2 Qd6 
44. Rb2 Qc7 45. Rba2 Qb6 46. Kf1 R4d7 47. Kg1 Rd4 48. Qg4 Qd6 49. Qf3 Rd7 
50. Qg3 Qf8 51. Ra5 Qe7 52. R5a2 Qd8 53. Qg4 R7d6 54. Ra5 Bc8 55. Qh5 Rc6 
56. Qe2 Bb7 57. Qg4 Qd6 58. Qh5 Qd7 59. Qf3 Qd8 60. Qf5 Qb6 61. Qg4 Rc8 
62. R5a2 Qd6 63. Qg3 Rc6 64. Ra4 Rc7 65. R4a2 Re7 66. Re2 Rc7 67. Rb2 Qd8 
68. Ra5 Rdd7 69. Rba2 Rd4 70. Rb2 Qd6 71. Ra1 Qc6 72. Nc2 Rd6 73. Rba2 h6 
74. Ne1 Kh7 75. Qg4 Rf7 76. Qg3 Rf8 77. Ra5 Rfd8 78. Qf3 Bc8 79. R1a2 Rd4 
80. Qh5 Qb6 81. f4 g6 82. Qf3 exf4 83. Qxf4 Bb7 84. Ra1 Re8 85. R5a2 Qd8 
86. Re2 Kg7 87. Re3 Rf8 88. Rg3 Kh7 89. Nc2 Rd7 90. Ne3 Rxd3 91. Ng4 Rxg3 
92. Qxh6+ Kg8 93. Qxg6+ Kh8 94. Qh6+ Kg8 95. Qg6+ Kh8 96. Qh6+ Kg8 97. Qg6+ 
1/2-1/2

[Event "Sunday07 January Rapid Engine Tour 12+1 Rounds 9 Starts 1600 ST"]
[Site "Infinity Chess"]
[Date "2018.1.7"]
[Round "8"]
[White "xeonrocks"]
[Black "Marsell"]
[Result "1-0"]
[ECO "C58"]
[WhiteElo "2509"]
[BlackElo "2474"]
[WhiteEngine "asmFishW_CTG"]
[BlackEngine "asmFishW_2017-12-07_popcnt"]
[EventType "Swiss"]
[WhiteTeam ""]
[BlackTeam ""]
[PlyCount "199"]
[TimeControl "720+1"]

1. e4 e5 2. Nf3 Nc6 3. Bc4 Nf6 4. Ng5 d5 5. exd5 Na5 6. Bb5+ c6 7. dxc6 bxc6 
8. Be2 h6 9. Nh3 Qc7 10. O-O Bc5 11. Kh1 O-O 12. d3 Nb7 13. Nc3 Rd8 14. Qe1 Rb8 
15. f4 Bd4 16. Ng1 Re8 17. fxe5 Bxe5 18. Nf3 Bd6 19. Qh4 Ng4 20. Ne4 Be7 
21. Qg3 Qxg3 22. Nxg3 c5 23. b3 Nd6 24. h3 Nf6 25. Bd2 Nb5 26. c4 Bd6 
27. Ne4 Nxe4 28. dxe4 Nc7 29. e5 Bxe5 30. Nxe5 Rxe5 31. Rae1 Re7 32. Kg1 Rb6 
33. Bf3 Ne6 34. Rf2 Ra6 35. Bf4 Kf8 36. Be5 Rd7 37. Kh2 g6 38. g4 Nd4 
39. Bxd4 cxd4 40. Kg3 Bb7 41. Bxb7 Rxb7 42. Re4 Rd7 43. Rd2 f6 44. Kf4 Kf7 
45. Rexd4 Rxd4+ 46. Rxd4 Rxa2 47. b4 a5 48. b5 Rc2 49. Ke4 Ke6 50. Kd3 Rc1 
51. Kd2 Rb1 52. Rd8 a4 53. Ra8 Kd6 54. Kc2 Rh1 55. Kc3 f5 56. gxf5 gxf5 
57. Ra6+ Ke5 58. Rxa4 f4 59. Ra5 Rc1+ 60. Kd3 Kd6 61. Ra6+ Ke5 62. b6 Kd6 
63. b7+ Kc7 64. Rxh6 Kxb7 65. Rh4 f3 66. Rf4 Rb1 67. Rxf3 Rh1 68. Kd4 Rd1+ 
69. Ke5 Rh1 70. Kf4 Kc8 71. Rd3 Rf1+ 72. Kg3 Rg1+ 73. Kf3 Rh1 74. Kg2 Re1 
75. Rd4 Kb7 76. h4 Re5 77. Kg3 Kb6 78. Rd5 Re8 79. h5 Re1 80. Kg4 Rh1 
81. Kg5 Rg1+ 82. Kf5 Rh1 83. Kg6 Rg1+ 84. Rg5 Re1 85. h6 Re6+ 86. Kh5 Re7 
87. Rf5 Ka7 88. Kg6 Re6+ 89. Kg7 Re1 90. h7 Rg1+ 91. Kh6 Rh1+ 92. Rh5 Rd1 
93. h8=Q Rd6+ 94. Kg5 Rd2 95. Rh7+ Kb6 96. Qe5 Rg2+ 97. Kf4 Rf2+ 98. Ke3 Rf7 
99. Rxf7 Kc6 100. Qc7# 1-0

[Event "Sunday07 January Rapid Engine Tour 12+1 Rounds 9 Starts 1600 ST"]
[Site "Infinity Chess"]
[Date "2018.1.7"]
[Round "8"]
[White "KRAKEN"]
[Black "Prometheus"]
[Result "1/2-1/2"]
[ECO "D44"]
[WhiteElo "2476"]
[BlackElo "2459"]
[WhiteEngine "Raubfisch X37b2_CTG"]
[BlackEngine "Eman 1.58-64bit-IDeA"]
[EventType "Swiss"]
[WhiteTeam ""]
[BlackTeam ""]
[PlyCount "116"]
[TimeControl "720+1"]

1. d4 d5 2. c4 e6 3. Nc3 Nf6 4. Nf3 c6 5. Bg5 dxc4 6. e4 b5 7. e5 h6 8. Bh4 g5 
9. Nxg5 hxg5 10. Bxg5 Nbd7 11. exf6 Bb7 12. g3 c5 13. d5 Nxf6 14. Bg2 Bh6 
15. Bxf6 Qxf6 16. O-O O-O-O 17. Nxb5 a6 18. Nc3 exd5 19. Qc2 Qg6 20. Qxg6 fxg6 
21. Rae1 Rd6 22. Re7 Bc6 23. Rd1 Rhd8 24. h4 d4 25. Ne4 Bxe4 26. Bxe4 Rb6 
27. Rh7 Re8 28. Bb1 Bd2 29. h5 Rxb2 30. hxg6 d3 31. Rh5 Be3 32. fxe3 Rxe3 
33. Rh3 Rb6 34. Rh8+ Kd7 35. Rh7+ Ke8 36. g7 Rg6 37. Kf2 Re2+ 38. Kf3 Rf6+ 
39. Kg4 Kf7 40. a3 Rg6+ 41. Kf3 Rf6+ 42. Kg4 Ref2 43. Rh5 Rg6+ 44. Kh3 Rf3 
45. Rg1 c3 46. Rxc5 c2 47. Rc7+ Kf6 48. Bxc2 dxc2 49. a4 Rf2 50. g4 Rxg7 
51. g5+ Kg6 52. Rc6+ Kh7 53. Rg2 Rxg2 54. Kxg2 a5 55. Rxc2 Rxg5+ 56. Kf3 Kg8 
57. Kf4 Rg1 58. Rc5 Kf7 1/2-1/2

[Event "Sunday07 January Rapid Engine Tour 12+1 Rounds 9 Starts 1600 ST"]
[Site "Infinity Chess"]
[Date "2018.1.7"]
[Round "8"]
[White "SkyPilot"]
[Black "Harry_Potter"]
[Result "1/2-1/2"]
[ECO "C53"]
[WhiteElo "2489"]
[BlackElo "2537"]
[WhiteEngine "stockfish_x64_bmi2_2018_01_01_CTG"]
[BlackEngine "stockfish_18010422_x64_bmi2_CTG"]
[EventType "Swiss"]
[WhiteTeam ""]
[BlackTeam ""]
[PlyCount "75"]
[TimeControl "720+1"]

1. e4 e5 2. Nf3 Nc6 3. Bc4 Bc5 4. c3 Nf6 5. d3 d6 6. O-O a5 7. Re1 O-O 8. h3 h6 
9. Nbd2 Be6 10. a4 Ba7 11. b3 Nd7 12. Nf1 Nb6 13. Bxe6 fxe6 14. Bd2 Nd7 
15. Rc1 Qe7 16. N1h2 Nc5 17. Be3 Rf7 18. Nf1 Raf8 19. Ng3 Bb6 20. Rc2 Qe8 
21. Rd2 Kh7 22. d4 Nd7 23. Rc2 exd4 24. cxd4 Nb4 25. Rc3 Qd8 26. Re2 Qf6 
27. Qc1 Qg6 28. Nh4 Qf6 29. Nf3 Qe7 30. Qd1 Kg8 31. Bc1 Rd8 32. Bd2 Rdf8 
33. Bc1 Qf6 34. Bb2 Qg6 35. Nh4 Qf6 36. Nf3 Qg6 37. Nh4 Qf6 38. Nf3 1/2-1/2

[Event "Sunday07 January Rapid Engine Tour 12+1 Rounds 9 Starts 1600 ST"]
[Site "Infinity Chess"]
[Date "2018.1.7"]
[Round "7"]
[White "IronMan"]
[Black "MGR"]
[Result "1/2-1/2"]
[ECO "A22"]
[WhiteElo "2403"]
[BlackElo "2468"]
[WhiteEngine "Stockfish SL BMI2"]
[BlackEngine "asmFishW_2017-11-19_bmi2"]
[EventType "Swiss"]
[WhiteTeam ""]
[BlackTeam ""]
[PlyCount "147"]
[TimeControl "720+1"]

1. c4 e5 2. Nc3 Nf6 3. Nf3 Nc6 4. g3 d5 5. cxd5 Nxd5 6. Bg2 Nb6 7. O-O Be7 
8. d3 O-O 9. Be3 Be6 10. d4 exd4 11. Nxd4 Nxd4 12. Bxd4 c6 13. Qd3 Qc7 
14. Rad1 Rad8 15. Qb1 Rd7 16. b3 Rfd8 17. e3 c5 18. Nb5 Qb8 19. Ba1 Nd5 
20. e4 Nb4 21. Rxd7 Bxd7 22. Nc3 Bf6 23. a3 Nc6 24. Nd5 Bxa1 25. Qxa1 Nd4 
26. b4 b6 27. Qb2 Bb5 28. Re1 Qd6 29. h4 Re8 30. Kh2 Bc6 31. bxc5 bxc5 
32. Nf4 h6 33. Qc1 Ba4 34. Qc3 g5 35. Nd3 gxh4 36. Re3 Bb5 37. Qxc5 Qxc5 
38. Nxc5 Rc8 39. Nb7 Rc2 40. Nd6 Rxf2 41. gxh4 Bf1 42. Rg3+ Kf8 43. Kg1 Rf6 
44. Bxf1 Rxd6 45. Bc4 Rf6 46. Kg2 Rf4 47. Bd5 Rxh4 48. Rc3 h5 49. Rc8+ Ke7 
50. Rc7+ Kd6 51. Rxf7 a5 52. Rg7 Ke5 53. Kg3 Rg4+ 54. Rxg4 hxg4 55. a4 Ne2+ 
56. Kxg4 Nc3 57. Bc6 Nxe4 58. Bb5 Nd2 59. Be2 Nb1 60. Bd1 Nd2 61. Be2 Nb1 
62. Bd1 Kf6 63. Kf4 Ke6 64. Bc2 Nc3 65. Bb3+ Kd6 66. Bc2 Nd5+ 67. Kg3 Nc3 
68. Kg4 Na2 69. Bb1 Nc1 70. Bc2 Na2 71. Bb1 Nc1 72. Bc2 Ne2 73. Bd1 Nc3 74. Bc2 
1/2-1/2

[Event "Sunday07 January Rapid Engine Tour 12+1 Rounds 9 Starts 1600 ST"]
[Site "Infinity Chess"]
[Date "2018.1.7"]
[Round "7"]
[White "Dovahkiin"]
[Black "Satria_Ungu"]
[Result "1/2-1/2 "]
[ECO ""]
[WhiteElo "2392"]
[BlackElo "2416"]
[WhiteEngine "BrainFish_180106_x64_modern_CTG"]
[BlackEngine "Houdini 6_CTG"]
[EventType "Swiss"]
[WhiteTeam ""]
[BlackTeam ""]
[PlyCount "221"]
[TimeControl "720+1"]

1. e3 Nf6 2. d3 d5 3. d4 c5 4. Nf3 Nc6 5. c3 e6 6. Nbd2 Be7 7. Bd3 Bd6 
8. dxc5 Bxc5 9. O-O O-O 10. b4 Bd6 11. Bb2 Qe7 12. b5 Ne5 13. Nxe5 Bxe5 
14. Rc1 h6 15. Nf3 Bd6 16. c4 e5 17. c5 Bc7 18. Be2 Bd7 19. Qb3 a6 20. b6 Bb8 
21. Rfd1 Qe8 22. Rxd5 Nxd5 23. Qxd5 Bc6 24. Qb3 Kh8 25. Nd2 a5 26. Qc3 f6 
27. e4 Qf7 28. f3 a4 29. a3 Qe7 30. Qe3 Ra5 31. Qc3 Ra8 32. Rd1 Rd8 33. Nf1 Rd4 
34. Ne3 Qf8 35. Rc1 Rd8 36. Qb4 Rc8 37. Rd1 Kh7 38. Bc4 Be8 39. Bc3 Bg6 
40. Bd5 Rxc5 41. Bxb7 Raa5 42. Bc6 Bd6 43. b7 Bb8 44. Kh1 Ra6 45. Bd7 Rd6 
46. Bxa4 Rxd1+ 47. Bxd1 Bf7 48. Bd2 Qd6 49. Nf5 Qc7 50. h3 Be6 51. Ne3 Qd6 
52. Ba4 Qd4 53. Nc2 Qc4 54. Qxc4 Bxc4 55. Nb4 Ra5 56. Bd7 Rxa3 57. Kh2 Ra1 
58. Nc6 Bc7 59. Ba5 Rb1 60. Bxc7 Rxb7 61. Bf5+ g6 62. Bxe5 gxf5 63. Na5 Rb4 
64. Bd6 Ra4 65. Nxc4 Rxc4 66. exf5 h5 67. Be7 Kg7 68. g4 h4 69. Kg2 Rc1 
70. Kf2 Ra1 71. Bc5 Kf7 72. Bd6 Rb1 73. Bc5 Ra1 74. Be3 Rb1 75. Bd4 Rc1 
76. Be3 Ra1 77. Bd4 Ra2+ 78. Kf1 Ra4 79. Bf2 Ra1+ 80. Be1 Rb1 81. Ke2 Rb2+ 
82. Ke3 Rh2 83. Bxh4 Rxh3 84. Bf2 Rh2 85. f4 Rg2 86. Kf3 Rh2 87. Kg3 Rh1 
88. g5 fxg5 89. fxg5 Rb1 90. Bd4 Rb4 91. g6+ Kg8 92. Bf6 Rb3+ 93. Kf4 Rb1 
94. Bd4 Rf1+ 95. Ke5 Re1+ 96. Kd5 Re2 97. Bf6 Re1 98. Bd4 Re2 99. Bc3 Rg2 
100. Ke6 Rg1 101. Kf6 Rg2 102. Ke6 Rg1 103. Kf6 Rg2 104. Bd4 Rd2 105. Ba7 Rd1 
106. Bb8 Ra1 107. Bf4 Re1 108. Be5 Rb1 109. Bc3 Rd1 110. Ke7 Rd4 111. Ke6 
1/2-1/2

[Event "Sunday07 January Rapid Engine Tour 12+1 Rounds 9 Starts 1600 ST"]
[Site "Infinity Chess"]
[Date "2018.1.7"]
[Round "7"]
[White "CoffeeOne"]
[Black "MarioDeMonti"]
[Result "1-0 "]
[ECO "B90"]
[WhiteElo "2479"]
[BlackElo "2417"]
[WhiteEngine "ĉfish-2018-01-07"]
[BlackEngine "stockfish_x64_bmi2_2017_12_26_CTG"]
[EventType "Swiss"]
[WhiteTeam ""]
[BlackTeam ""]
[PlyCount "163"]
[TimeControl "720+1"]

1. e4 c5 2. Nf3 d6 3. d4 cxd4 4. Nxd4 Nf6 5. Nc3 a6 6. Be3 e5 7. Nb3 Be6 
8. Be2 Be7 9. Qd3 Nbd7 10. Nd5 O-O 11. O-O Bxd5 12. exd5 b6 13. c3 Ne8 
14. f4 Nef6 15. Rad1 b5 16. Kh1 Re8 17. g4 exf4 18. Bxf4 Nb6 19. Qf3 Bf8 
20. Rd4 Nfd7 21. Nd2 Ra7 22. g5 Ne5 23. Qf2 Qa8 24. Qg2 Ng6 25. Bg3 Na4 
26. Ne4 Qd8 27. Rd2 Rc7 28. Bh5 Nc5 29. Nxc5 Rxc5 30. Bf2 Rc8 31. Bd4 Rb8 
32. h4 Qe7 33. Bxg6 hxg6 34. Rf4 Qe1+ 35. Kh2 Rb7 36. Rdf2 Qd1 37. b4 Re1 
38. Qf3 Qxf3 39. R4xf3 Re8 40. a4 Ra8 41. a5 Re7 42. Rf4 Rb8 43. Kg3 Rd8 
44. R2f3 Rde8 45. Rf1 Rb7 46. Kf3 Rbe7 47. Rc1 Rb8 48. Rc2 Rbe8 49. c4 bxc4 
50. Rxc4 Re1 51. Rc6 Ra8 52. Bf2 Re5 53. Rfc4 Rae8 54. Rxa6 Rf5+ 55. Rf4 Rxd5 
56. Ra7 f5 57. gxf6 gxf6 58. Rxf6 Be7 59. Rxg6+ Kf7 60. Rh6 Rf8 61. Be3 Re5 
62. Bg5 Kg8+ 63. Kg4 Bxg5 64. Rg6+ Kh8 65. hxg5 d5 66. Rh6+ Kg8 67. b5 Rf1 
68. Rd6 Rg1+ 69. Kf4 Re8 70. b6 Rf1+ 71. Kg4 Rg1+ 72. Kh5 Rh1+ 73. Kg6 Kh8 
74. Rg7 d4 75. b7 d3 76. Rb6 Rb8 77. a6 d2 78. a7 Rd8 79. a8=R d1=Q 
80. Rxd8+ Qxd8 81. b8=Q Rh6+ 82. gxh6 1-0

[Event "Sunday07 January Rapid Engine Tour 12+1 Rounds 9 Starts 1600 ST"]
[Site "Infinity Chess"]
[Date "2018.1.7"]
[Round "7"]
[White "angriff"]
[Black "Thinker"]
[Result "1/2-1/2"]
[ECO "C50"]
[WhiteElo "2381"]
[BlackElo "2437"]
[WhiteEngine "SF_64BIT_POPCNT_CTG"]
[BlackEngine "BrainFish_180106_x64_modern_CTG"]
[EventType "Swiss"]
[WhiteTeam ""]
[BlackTeam ""]
[PlyCount "96"]
[TimeControl "720+1"]

1. e4 e5 2. Nf3 Nc6 3. Bc4 Bc5 4. O-O Nf6 5. d3 d6 6. c3 O-O 7. Nbd2 a5 
8. Re1 Be6 9. Bb5 Ne7 10. d4 Ba7 11. h3 Ng6 12. Nf1 Nh5 13. Be3 exd4 
14. Nxd4 Nhf4 15. Ng3 Bxd4 16. cxd4 d5 17. Bf1 dxe4 18. Nxe4 c6 19. b3 Bd5 
20. Nc3 Be6 21. Ne4 Bd5 22. Nc3 Be6 23. Bc4 Nd5 24. Bxd5 Bxd5 25. Qh5 Ne7 
26. Bc1 b5 27. Bg5 f6 28. Bd2 b4 29. Nxd5 Qxd5 30. Qxd5+ Nxd5 31. Rac1 Rfc8 
32. Rc4 Kf7 33. Rec1 Ne7 34. a3 bxa3 35. Ra1 a2 36. Rxa2 Rcb8 37. Ra3 Rb5 
38. Rc5 Rxc5 39. dxc5 Rd8 40. Bxa5 Rd1+ 41. Kh2 Nd5 42. Bd8 Rd2 43. Ra6 Ke8 
44. Ra8 Kd7 45. Kg1 Rd1+ 46. Kh2 Rd2 47. Kg1 Rd1+ 48. Kh2 Rd2 1/2-1/2

[Event "Sunday07 January Rapid Engine Tour 12+1 Rounds 9 Starts 1600 ST"]
[Site "Infinity Chess"]
[Date "2018.1.7"]
[Round "7"]
[White "OlivierEvan"]
[Black "NINJA_JENGKA"]
[Result "1/2-1/2"]
[ECO "A20"]
[WhiteElo "2364"]
[BlackElo "2409"]
[WhiteEngine "Houdini 6"]
[BlackEngine "Houdini 6_CTG"]
[EventType "Swiss"]
[WhiteTeam ""]
[BlackTeam ""]
[PlyCount "99"]
[TimeControl "720+1"]

1. c4 e5 2. g3 Nc6 3. Nc3 g6 4. e3 Bg7 5. Nge2 Nge7 6. Bg2 d6 7. d3 Bg4 
8. h3 Be6 9. Nd5 O-O 10. b3 f5 11. Bb2 Bf7 12. Nxe7+ Qxe7 13. Nc3 Nb4 14. O-O c6 
15. Qd2 Rad8 16. Rac1 d5 17. a3 Nxd3 18. Qxd3 dxc4 19. Qb1 cxb3 20. Rfd1 e4 
21. Bf1 b5 22. Qa1 Rxd1 23. Nxd1 Bxb2 24. Nxb2 Qf6 25. Rc5 Rd8 26. Qc1 Bd5 
27. a4 a6 28. Nd1 Qd6 29. Nb2 Kg7 30. Qc3+ Qf6 31. Qc1 h5 32. h4 Kh7 33. Bh3 Rg8 
34. Qd2 Rf8 35. Bf1 Rd8 36. Be2 bxa4 37. Qa5 Qxb2 38. Qxd8 Qg7 39. Bd1 b2 
40. Rxd5 cxd5 41. Bc2 a3 42. Bb1 d4 43. exd4 Qb7 44. Qd6 a2 45. Bxa2 b1=Q+ 
46. Bxb1 Qxb1+ 47. Kg2 Qd3 48. Qe7+ Kh6 49. Qf8+ Kh7 50. Qe7+ 1/2-1/2

[Event "Sunday07 January Rapid Engine Tour 12+1 Rounds 9 Starts 1600 ST"]
[Site "Infinity Chess"]
[Date "2018.1.7"]
[Round "7"]
[White "miguello"]
[Black "hafaba"]
[Result "1/2-1/2"]
[ECO "A41"]
[WhiteElo "2413"]
[BlackElo "2422"]
[WhiteEngine "asmFishW_2017-11-19_popcnt_CTG"]
[BlackEngine "SF SL 03012018 POPCNT_CTG"]
[EventType "Swiss"]
[WhiteTeam ""]
[BlackTeam ""]
[PlyCount "94"]
[TimeControl "720+1"]

1. d4 d6 2. e4 Nf6 3. Nc3 e5 4. dxe5 dxe5 5. Qxd8+ Kxd8 6. Nf3 Bd6 7. Be3 Ke7 
8. h3 Be6 9. Ng5 Nbd7 10. Nxe6 Kxe6 11. g4 Bb4 12. f3 Bxc3+ 13. bxc3 Ne8 
14. Bc4+ Ke7 15. a4 h5 16. g5 Nd6 17. Bb3 Rhd8 18. O-O Rac8 19. a5 b6 20. f4 f6 
21. gxf6+ gxf6 22. Bf2 Nxe4 23. fxe5 Nxf2 24. exf6+ Nxf6 25. Rxf2 Rd6 
26. axb6 axb6 27. Re1+ Kd7 28. Ref1 Ne4 29. Ba4+ c6 30. Rf7+ Kd8 31. c4 Ke8 
32. Rf8+ Kd7 33. R1f7+ Ke6 34. Rxc8 Kxf7 35. Bxc6 Rd1+ 36. Kg2 Nd6 37. Bd5+ Kf6 
38. Rc6 Ke5 39. c3 Rd2+ 40. Kf1 Rc2 41. Rxb6 Rxc3 42. h4 Nxc4 43. Bxc4 Rc1+ 
44. Kg2 Rxc4 45. Rb5+ Kf4 46. Rxh5 Rc2+ 47. Kf1 Rc1+ 1/2-1/2

[Event "Sunday07 January Rapid Engine Tour 12+1 Rounds 9 Starts 1600 ST"]
[Site "Infinity Chess"]
[Date "2018.1.7"]
[Round "7"]
[White "Coco69"]
[Black "KillBill2017"]
[Result "1/2-1/2"]
[ECO "B90"]
[WhiteElo "2422"]
[BlackElo "2432"]
[WhiteEngine "BrainFish_180106_x64"]
[BlackEngine "Raubfisch ME262_GTZ16b1._CTG"]
[EventType "Swiss"]
[WhiteTeam ""]
[BlackTeam ""]
[PlyCount "102"]
[TimeControl "720+1"]

1. e4 c5 2. Nf3 d6 3. d4 cxd4 4. Nxd4 Nf6 5. Nc3 a6 6. Be3 e5 7. Nb3 Be6 
8. Be2 Be7 9. Qd3 Nc6 10. a3 O-O 11. O-O Rc8 12. Nd5 Nd7 13. Qd2 h6 14. Rad1 Bg5 
15. Bxg5 Qxg5 16. Qxg5 hxg5 17. h3 g6 18. Rd2 Kg7 19. Rfd1 Rfd8 20. Bg4 f5 
21. Bf3 Kf7 22. Nc3 Nb6 23. Rxd6 Rxd6 24. Rxd6 Nc4 25. Rxe6 Kxe6 26. exf5+ Ke7 
27. fxg6 Kf6 28. Nc5 Nxb2 29. Be4 Nd8 30. Nd7+ Kg7 31. Nd5 Ne6 32. Nxe5 Re8 
33. Ng4 Nc5 34. Bf5 Rf8 35. Nge3 Nc4 36. g4 Nxe3 37. Nxe3 Re8 38. Kg2 b5 
39. Nd5 Re5 40. Nb4 Re2 41. c3 a5 42. Kf3 Re1 43. Nc2 Rc1 44. Ke2 Nb3 
45. Kf3 Nc5 46. Ke3 Nb3 47. Kf3 Rg1 48. Ke4 Rf1 49. Kf3 Rg1 50. Ke4 Rf1 
51. Kf3 Rg1 1/2-1/2

[Event "Sunday07 January Rapid Engine Tour 12+1 Rounds 9 Starts 1600 ST"]
[Site "Infinity Chess"]
[Date "2018.1.7"]
[Round "7"]
[White "Murx"]
[Black "Vimtiroba"]
[Result "1/2-1/2"]
[ECO "A22"]
[WhiteElo "2456"]
[BlackElo "2450"]
[WhiteEngine "BrainFish_171226_x64_modern"]
[BlackEngine "Corchess@ T2_CTG"]
[EventType "Swiss"]
[WhiteTeam ""]
[BlackTeam ""]
[PlyCount "142"]
[TimeControl "720+1"]

1. c4 e5 2. Nc3 Nf6 3. Nf3 Nc6 4. g3 d5 5. cxd5 Nxd5 6. Bg2 Nb6 7. d3 Be7 
8. O-O O-O 9. Be3 Re8 10. d4 exd4 11. Nxd4 Nxd4 12. Bxd4 c6 13. e3 c5 
14. Be5 Nc4 15. Bf4 Qxd1 16. Raxd1 Nxb2 17. Rd2 Nc4 18. Rc2 g5 19. Nd5 gxf4 
20. Rxc4 fxe3 21. Nc7 exf2+ 22. Rxf2 Be6 23. Rcc2 c4 24. Nxe6 fxe6 25. Bxb7 Rab8 
26. Bc6 Rec8 27. Rxc4 Rb6 28. Rfc2 Kg7 29. Kg2 Rb4 30. Rxb4 Bxb4 31. Kf3 h5 
32. Be4 Rxc2 33. Bxc2 Kf7 34. Be4 Kf6 35. Bc2 a5 36. h3 Bd6 37. h4 Be5 
38. Bb3 Bc3 39. a4 Bd4 40. Kf4 e5+ 41. Ke4 Bb2 42. Bd1 Kg6 43. Bf3 Bd4 
44. Be2 Bf2 45. Bd3 Kf6 46. Kf3 Bb6 47. g4 hxg4+ 48. Kxg4 Be3 49. Be4 Bf4 
50. Kh5 Bg3 51. Kg4 Bf4 52. Kf3 Bd2 53. Bd5 Bc3 54. Kg4 Bd2 55. Kf3 Kf5 
56. Bb7 Kg6 57. Kg4 Kf6 58. h5 Be3 59. Be4 Bg5 60. Bc6 Be3 61. Kg3 Kg5 
62. Kf3 Bf4 63. Be8 Kf5 64. Bb5 e4+ 65. Kf2 Kg4 66. Be8 e3+ 67. Ke2 Bh6 
68. Bg6 Bg5 69. Be8 Bh6 70. Bg6 Bg5 71. Be8 Bh6 1/2-1/2

[Event "Sunday07 January Rapid Engine Tour 12+1 Rounds 9 Starts 1600 ST"]
[Site "Infinity Chess"]
[Date "2018.1.7"]
[Round "7"]
[White "ocirema"]
[Black "incredible"]
[Result "1/2-1/2"]
[ECO "B30"]
[WhiteElo "2435"]
[BlackElo "2470"]
[WhiteEngine "Stockfish_18010423_720_x64_modern_BYO_RW_CTG"]
[BlackEngine "stockfish_18010422_x64_bmi2"]
[EventType "Swiss"]
[WhiteTeam ""]
[BlackTeam ""]
[PlyCount "87"]
[TimeControl "720+1"]

1. e4 c5 2. Nf3 Nc6 3. Nc3 g6 4. d4 cxd4 5. Nxd4 Bg7 6. Be3 d6 7. f3 a6 
8. a3 Nf6 9. Qd2 Rb8 10. O-O-O Bd7 11. Bh6 Bxh6 12. Qxh6 Qb6 13. Nd5 Nxd5 
14. Qg7 e5 15. exd5 Ke7 16. dxc6 bxc6 17. b3 Rhg8 18. Qh6 exd4 19. Qxh7 Qc5 
20. Qh4+ Kf8 21. Qxd4 Qxa3+ 22. Kd2 a5 23. h4 Qb4+ 24. Ke3 Bf5 25. Qxb4 Rxb4 
26. Bd3 Bxd3 27. Rxd3 Ke7 28. Rd4 Rxd4 29. Kxd4 Rb8 30. Kc3 Rb5 31. g4 Rc5+ 
32. Kb2 Re5 33. h5 gxh5 34. gxh5 Kf8 35. h6 Kg8 36. h7+ Kh8 37. Kc3 Re3+ 
38. Kd4 Rxf3 39. Rh6 Rf2 40. Rxd6 Rxc2 41. Rf6 Kxh7 42. Rxf7+ Kg6 43. Rc7 a4 
44. bxa4 1/2-1/2

[Event "Sunday07 January Rapid Engine Tour 12+1 Rounds 9 Starts 1600 ST"]
[Site "Infinity Chess"]
[Date "2018.1.7"]
[Round "7"]
[White "Susanne"]
[Black "RonWeasley"]
[Result "1/2-1/2"]
[ECO "C12"]
[WhiteElo "2471"]
[BlackElo "2438"]
[WhiteEngine "BrainFish_180106_x64_bmi2_CTG"]
[BlackEngine "BrainFish 060118_CTG"]
[EventType "Swiss"]
[WhiteTeam ""]
[BlackTeam ""]
[PlyCount "63"]
[TimeControl "720+1"]

1. e4 e6 2. d4 d5 3. Nc3 Nf6 4. Bg5 Bb4 5. e5 h6 6. Bd2 Bxc3 7. bxc3 Ne4 
8. Bc1 Nxc3 9. Qg4 g6 10. Bd3 Qe7 11. Nf3 Bd7 12. Bd2 Ne4 13. Bxe4 dxe4 
14. Qxe4 Bc6 15. Qd3 g5 16. O-O g4 17. Ne1 Nd7 18. c4 O-O-O 19. Qb3 Be4 
20. Rd1 f5 21. Bb4 Qh7 22. Nd3 f4 23. Nxf4 Bc2 24. Qe3 Bxd1 25. Rxd1 Qf5 
26. d5 Nxe5 27. Qxa7 Qxf4 28. Qa8+ Kd7 29. Qa4+ Kc8 30. Qa8+ Kd7 31. Qa4+ Kc8 
32. Qa8+ 1/2-1/2

[Event "Sunday07 January Rapid Engine Tour 12+1 Rounds 9 Starts 1600 ST"]
[Site "Infinity Chess"]
[Date "2018.1.7"]
[Round "7"]
[White "Marsell"]
[Black "Gilgamesch"]
[Result "1/2-1/2"]
[ECO "C53"]
[WhiteElo "2474"]
[BlackElo "2477"]
[WhiteEngine "asmFishW_2017-12-07_popcnt"]
[BlackEngine "BrainFish_171005_x64_bmi2"]
[EventType "Swiss"]
[WhiteTeam ""]
[BlackTeam ""]
[PlyCount "89"]
[TimeControl "720+1"]

1. e4 e5 2. Nf3 Nc6 3. Bc4 Bc5 4. c3 Nf6 5. d3 d6 6. O-O O-O 7. h3 a5 
8. Nbd2 Ba7 9. Bb5 Be6 10. Re1 Ne7 11. d4 Ng6 12. Nf1 exd4 13. cxd4 d5 
14. e5 Ne4 15. Bd3 f6 16. exf6 Qxf6 17. Ng3 Nxf2 18. Kxf2 Nh4 19. Be3 c6 
20. Kg1 Nxf3+ 21. Qxf3 Qxf3 22. gxf3 Rxf3 23. Kg2 Raf8 24. Bg1 Bxh3+ 
25. Kxh3 Rxd3 26. Rad1 Rdf3 27. Re7 Bb8 28. Bh2 Rf2 29. Rxb7 g5 30. Rh1 Bd6 
31. Kg4 Rg2 32. Rd7 Rf6 33. b3 Re6 34. a4 Bxg3 35. Bxg3 Re3 36. Rdxh7 Rgxg3+ 
37. Kf5 Rgf3+ 38. Kxg5 Re4 39. Rh8+ Kf7 40. R1h7+ Ke6 41. Re8+ Kd6 42. Rd8+ Ke6 
43. Re8+ Kd6 44. Rd8+ Ke6 45. Re8+ 1/2-1/2